Map: Torches LE

Players

Zoun - Winner!

  • Race: Protoss Protoss
  • League: Master
  • Spawn Location: 5:00

VITRyung (Ryung)

  • Race: Terran Terran
  • League: Master
  • Spawn Location: 1:00

Event: HomeStory Cup XXVII

VOD

Have the link to the VOD?

Description

Time

  • Played on: June 29, 2025, 10:24 a.m.
  • Length: 10:11

All games in this series

Show
View Real Time Build Order
Export as new Build Order

Zoun Protoss - Winner!

Build Orders: 1 Gate Expand, Phoenix Opening, Blink Stalkers 

Get SALT Encoding   

  12  0:00  Probe  
  13  0:12  Probe  
  14  0:16  Pylon  
  14  0:23  Probe  
  15  0:31  Probe  
  16  0:35  Gateway  
  16  0:39  Probe  
  16  0:45  Assimilator  
  17  0:51  Probe  
  18  1:03  Probe  
  19  1:15  Probe  
  20  1:25  Cybernetics Core  
  20  1:35  Nexus  
  20  1:44  Pylon  
  20  1:46  Probe  
  21  1:51  Stalker  
  21  1:54  Assimilator  
  21  1:58  Probe  
  22  2:06  Warp Gate  
  24  2:10  Probe  
  25  2:19  Sentry  
  25  2:22  Probe  
  28  2:28  Phoenix  
  28  2:34  Probe  
  28  2:44  Twilight Council  
  28  2:46  Probe  
  28  2:48  Shield Battery  
  28  2:49  Probe  
  28  2:51  Stalker  
  32  2:58  Probe  
  32  2:59  Probe, Blink  
  32  3:05  Gateway  
  34  3:10  Probe  
  35  3:14  Probe  
  36  3:22  Probe  
  37  3:27  Shield Battery  
  37  3:28  Probe  
  38  3:35  Probe  
  38  3:40  Probe  
  40  3:42  Gateway  
  40  3:46  Pylon  
  40  3:47  Probe  
  41  3:52  Probe  
  42  3:56  Robotics Facility  
  42  4:00  Stalker  
  44  4:04  Stalker  
  44  4:06  Probe  
  44  4:07  Probe  
  48  4:12  Pylon  
  48  4:18  Probe  
  48  4:19  Probe  
  50  4:24  Stalker  
  50  4:27  Stalker  
  50  4:30  Probe  
  50  4:31  Probe, Assimilator  
  55  4:36  Stalker  
  58  4:42  Probe  
  58  4:43  Probe  
  58  4:44  Observer  
  61  4:51  Pylon  
  61  4:54  Probe  
  61  4:57  Nexus  
  62  5:00  Pylon  
  62  5:09  Probe x2, Assimilator  
  62  5:11  Templar Archives  
  62  5:13  Charge  
  62  5:14  Observer  
  64  5:21  Probe x2  
  66  5:23  Pylon  
  66  5:24  Observer  
  66  5:30  Psionic Storm  
  66  5:33  Observer, Probe x2  
  68  5:37  Gateway x2  
  68  5:39  Gateway  
  68  5:45  Probe  
  68  5:46  Observer  
  68  5:49  Observer  
  69  5:54  Gateway  
  69  5:55  Gateway  
  69  5:58  High Templar  
  69  6:02  Shield Battery  
  71  6:06  Pylon  
  71  6:09  Observer  
  71  6:10  Probe x2  
  73  6:12  High Templar, Zealot  
  77  6:19  Probe  
  77  6:22  Probe x2  
  77  6:23  Forge  
  80  6:31  Zealot x3  
  86  6:33  Stalker  
  86  6:36  Immortal  
  86  6:38  Stalker  
  90  6:42  Protoss Ground Weapons Level 1  
  90  6:44  High Templar  
  96  6:48  Zealot x2  
  96  6:51  Probe x3  
  103  6:54  Observer  
  103  7:05  High Templar  
  103  7:06  Zealot x2  
  109  7:08  Pylon  
  109  7:09  Pylon  
  109  7:12  Pylon  
  109  7:13  Pylon  
  109  7:23  Probe  
  109  7:26  Probe x2  
  109  7:27  Zealot x7  
  125  7:35  Observer  
  125  7:36  Pylon  
  126  7:39  Shield Battery  
  126  7:40  Photon Cannon  
  126  7:43  Zealot  
  128  7:44  Probe x2  
  128  7:45  Probe  
  128  7:49  Pylon  
  128  7:50  Robotics Bay  
  131  7:55  Observer  
  131  7:58  High Templar  
  131  8:02  Photon Cannon  
  131  8:04  Pylon, Probe x2  
  136  8:09  Observer  
  136  8:10  Stalker, Zealot x3  
  136  8:11  Zealot x3  
  147  8:27  Colossus  
  147  8:28  Extended Thermal Lance  
  147  8:33  Photon Cannon, Nexus  
  147  8:34  Photon Cannon  
  147  8:35  Shield Battery  
  153  8:43  Forge  
  153  8:48  Shield Battery  
  153  8:49  Photon Cannon  
  153  8:53  Observer  
  153  8:56  Probe x3  
  153  8:58  Pylon  
  156  9:03  High Templar  
  156  9:04  Gateway  
  156  9:07  High Templar, Zealot x2  
  162  9:17  Probe x2  
  164  9:29  Archon  
  164  9:34  Zealot x4  
  154  9:45  Zealot x2  
  154  9:46  Zealot x2  
  162  9:53  Archon  
  162  9:54  Zealot x3  
  162  9:55  Zealot  
Show
View Real Time Build Order
Export as new Build Order

VITRyung Terran 

Build Orders:  

Get SALT Encoding   

  12  0:00  SCV  
  13  0:12  SCV  
  14  0:16  Supply Depot  
  14  0:24  SCV  
  15  0:38  SCV  
  15  0:40  Barracks  
  16  0:44  Refinery  
  16  0:50  SCV  
  16  0:52  Refinery  
  17  1:02  SCV  
  18  1:14  SCV  
  19  1:28  Reaper  
  19  1:29  Orbital Command  
  20  1:42  Factory  
  20  1:52  Supply Depot  
  20  1:55  SCV  
  20  2:00  Barracks Reactor  
  21  2:07  SCV  
  22  2:19  SCV  
  22  2:21  Command Center  
  23  2:31  Starport, SCV  
  24  2:38  Marine x2  
  24  2:43  Factory Tech Lab  
  24  2:44  SCV  
  27  2:51  Supply Depot  
  27  2:56  SCV  
  28  3:05  Marine x2  
  28  3:08  SCV  
  34  3:12  Cyclone  
  34  3:15  Medivac  
  36  3:20  SCV  
  36  3:24  Marine x2  
  39  3:32  SCV  
  40  3:44  Barracks, SCV  
  40  3:46  Starport Tech Lab  
  41  3:50  Orbital Command  
  41  3:57  SCV  
  41  4:01  Barracks  
  45  4:09  Supply Depot  
  46  4:10  SCV  
  46  4:15  Engineering Bay  
  46  4:16  SCV  
  44  4:20  Marine x2  
  44  4:22  SCV  
  47  4:29  SCV  
  48  4:34  SCV  
  48  4:38  Stimpack, Marine  
  50  4:39  Marine x2  
  50  4:41  SCV  
  53  4:46  SCV  
  53  4:47  Bunker  
  53  4:51  Factory Reactor, Starport Reactor  
  53  4:54  Terran Infantry Weapons Level 1, SCV  
  53  4:57  Supply Depot  
  53  4:58  SCV  
  55  5:00  Marauder x2, Marine x2  
  55  5:02  Combat Shield  
  61  5:07  Refinery, SCV  
  61  5:14  Supply Depot, SCV  
  60  5:22  SCV  
  60  5:25  Marauder x2, Marine  
  60  5:26  Refinery, Marine, SCV  
  68  5:33  Medivac  
  68  5:35  Medivac  
  74  5:36  Widow Mine  
  74  5:37  Widow Mine  
  74  5:40  SCV x2  
  78  5:43  Supply Depot  
  78  5:51  Supply Depot  
  78  6:05  Marauder x2, Widow Mine, Medivac  
  78  6:10  Supply Depot  
  78  6:11  Supply Depot  
  86  6:12  Marine x2, Medivac  
  86  6:13  Widow Mine  
  86  6:18  Concussive Shells  
  92  6:29  SCV x2  
  92  6:30  Command Center  
  94  6:37  Marauder x2, Marine x2  
  100  6:41  SCV  
  100  6:42  SCV  
  100  6:44  Supply Depot  
  104  6:49  Terran Infantry Armor Level 1  
  102  6:58  Barracks  
  102  6:59  Marauder  
  102  7:00  Barracks  
  104  7:03  SCV x2  
  104  7:06  Marine x2  
  108  7:09  Marauder  
  108  7:14  Ghost Academy  
  110  7:19  Widow Mine x2  
  116  7:24  SCV x2  
  118  7:34  Viking  
  118  7:39  Supply Depot  
  118  7:42  Viking, Marine, SCV x2  
  118  7:43  Marauder  
  125  7:50  Widow Mine x2  
  129  7:57  Barracks Tech Lab, Barracks Reactor  
  129  7:58  SCV  
  129  7:59  Orbital Command, SCV  
  129  8:04  Ghost  
  134  8:07  Ghost  
  137  8:15  Marine x2  
  137  8:16  Ghost  
  141  8:20  SCV  
  141  8:24  Supply Depot x2, SCV  
  141  8:27  SCV  
  141  8:32  SCV  
  143  8:36  SCV, Medivac x2  
  143  8:37  Sensor Tower  
  148  8:44  SCV, Armory  
  148  8:45  SCV  
  150  8:48  SCV  
  150  8:50  Engineering Bay  
  150  8:54  Ghost x2  
  157  8:56  SCV  
  157  8:57  Refinery x2  
  157  8:59  Ghost  
  161  9:04  Supply Depot  
  161  9:05  Supply Depot  
  161  9:07  SCV x2  
  161  9:08  SCV  
  164  9:15  Marine  
  165  9:22  Factory Tech Lab  
  165  9:26  Marine x3  
  165  9:30  Marauder x3  
  148  9:31  Factory Tech Lab  
  148  9:33  Marine  
  127  9:39  SCV  
  127  9:43  Marine  
  127  9:44  Marine x2  
  126  9:50  Marine  
  126  9:51  Marine  
  129  9:57  SCV x2  
Tags
 
Add a new tag
Caveats
  • Supply blocks, unpowered buildings, or Contaminate may cause inaccurate times.
  • Supply counts are checked every 10 seconds.